 Dungeon Crawl Stone Soup version 0.24.0-5-g267a8d59f4 (webtiles) character file.

Game seed: 14019532247971048403, levelgen mode: deterministic

70 Arum the Shield-Bearer (level 4, -10/37 HPs)
             Began as a Formicid Fighter on Nov 1, 2019.
             Was an Initiate of Gozag.
             Killed by divine providence
             ... invoked by an orc priest
              (17 damage)
             ... on level 3 of the Dungeon.
             The game lasted 00:01:27 (1552 turns).

Arum the Shield-Bearer (Formicid Fighter)           Turns: 1552, Time: 00:01:28

Health: -10/37     AC:  6    Str: 20    XL:     4   Next: 44%
Magic:  4/4        EV:  8    Int:  8    God:    Gozag
Gold:   63         SH:  9    Dex: 11    Spells: 3/3 levels left

rFire    . . .     SeeInvis +   a - +0 quarterstaff
rCold    . . .     Gourm    .   c - +0 shield
rNeg     . . .     Faith    .   b - +0 scale mail
rPois    .         Spirit   .   (helmet unavailable)
rElec    .         Reflect  .   (no cloak)
rCorr    .         Harm     .   (no gloves)
MR       .....                  (no boots)
Stlth    ..........             (no amulet)
HPRegen  0.12/turn              (no ring)
MPRegen  0.09/turn              (no ring)

@: no status effects
A: permanent stasis, dig shafts and tunnels, four strong arms, antennae 3
a: Dig, Shaft Self, Potion Petition, Call Merchant, Bribe Branch, Renounce
Religion


You were on level 3 of the Dungeon.
You worshipped Gozag.
Gozag was noncommittal.
You were very hungry.

You visited 1 branch of the dungeon, and saw 3 of its levels.

You collected 75 gold pieces.
You paid 12 gold pieces to Gozag.

Inventory:

Hand Weapons
 a - a +0 quarterstaff (weapon)
Armour
 b - a +0 scale mail (worn)
 c - a +0 shield (worn)
Jewellery
 o - an uncursed ring of positive energy {unknown}
Scrolls
 g - 2 scrolls of identify {unknown}
 i - a scroll of enchant armour {unknown}
 j - a scroll of amnesia {unknown}
 l - a scroll of remove curse {unknown}
 n - a scroll of immolation {unknown}
Potions
 d - a potion of might
 e - a potion of brilliance {unknown}
 h - 2 potions of mutation {unknown}
 k - a potion of degeneration {unknown}
 m - a potion of heal wounds {unknown}
 p - a potion of cancellation {unknown}
Comestibles
 f - 8 rations


   Skills:
 + Level 4.1 Fighting
 + Level 3.0 Staves
 - Level 3.2 Armour
 + Level 4.5 Shields


You had 3 spell levels left.
You didn't know any spells.
Your spell library was empty.

Dungeon Overview and Level Annotations

Branches:
Dungeon (3/15)

Altars:
Gozag
Vehumet


Innate Abilities, Weirdness & Mutations

You cannot be hasted, slowed, berserked, paralysed or teleported.
You can dig through walls and to a lower floor.
Your four strong arms can wield two-handed weapons with a shield.
You have a pair of large antennae on your head. (SInv)


Message History

You are too injured to fight recklessly!
You are too injured to fight recklessly!
You are too injured to fight recklessly!
You are too injured to fight recklessly!
You are too injured to fight recklessly!
You are too injured to fight recklessly!
You are too injured to fight recklessly!
Unknown command.
The orc wizard mumbles some strange words.
The orc wizard flickers and vanishes for a moment.
The orc priest looks encouraged for a moment.
The orc wizard barely misses you.
The orc priest looks encouraged for a moment.
The orc wizard casts a spell at you. The puff of flame hits you!
* * * LOW HITPOINT WARNING * * *
The orc priest calls down the wrath of Beogh upon you.
Beogh smites you!
You die...
Your body crumbles into a pile of gold.

#################
.......##.......#
#.##......#####.#
..##...####
#.########
..######
#........# ..#
#..#####.# ..#
#.@#### ..# $
#.....# ..# {
####o##.# ..#
#...o...##[#
.......
$#.##o......#
#####.. #
#.##.##.# #o. .#
#>## # ...


You could see an orc priest, an orc wizard (invisible) and 2 orcs.

Vanquished Creatures
  2 adders (D:2)
  An ooze (D:1)
  A worm (D:2)
  2 dart slugs
  4 leopard geckos
  3 bats (D:1)
  2 giant cockroaches
  4 goblins
  3 hobgoblins (D:1)
  3 frilled lizards (D:2)
  5 kobolds
  9 rats
39 creatures vanquished.

Notes
Turn   | Place    | Note
-------+----------+-------------------------------------------
     0 | D:1      | Arum the Formicid Fighter began the quest for the Orb.
     0 | D:1      | Reached XP level 1. HP: 18/18 MP: 1/1
    83 | D:1      | Reached XP level 2. HP: 24/24 MP: 2/2
   229 | D:1      | Reached XP level 3. HP: 30/30 MP: 3/3
   853 | D:2      | Reached XP level 4. HP: 37/37 MP: 4/4
  1050 | D:2      | Found an opulent altar of Gozag.
  1057 | D:2      | Became a worshipper of Gozag Ym Sagoz the Greedy
  1178 | D:2      | Found a radiant altar of Vehumet.
  1552 | D:3      | Killed from afar by an orc priest

Levels and vault maps discovered:
D:1:      co_arrival_random_square_maze, layout_basic
D:2:      layout_loops_ring, old_standard_altar, dk_noncrumbling_2,
          nicolae_gozag_cash_rules_everything_around_me
D:3:      layout_loops_cross, first_ration

Skill      XL: |  1  2  3  4 |
---------------+-------------+-----
Shields        | 4 |  4.5
Fighting       | 4 |  4.1
Staves         | 3 |  3.0
Armour         | |  3.2

Action                   |  1- 3 |  4- 6 || total
-------------------------+-------+-------++-------
Melee: Quarterstaff      |   102 |    35 ||   137
  Eat: Chunk             |       |     1 ||     1
Armor: Scale mail        |    40 |     9 ||    49
Dodge: Dodged            |    35 |     8 ||    43
Block: Shield            |    51 |    20 ||    71
